 Dungeon Crawl Stone Soup version 0.31-a0-236-g9a0961fb85 (webtiles) character file.

Game seed: 4135647914451079778

381 qw the Shooter (level 6, -5/52 HPs)
             Began as a Minotaur Hexslinger on July 10, 2023.
             Slain by a wight
             ... wielding a +0 battleaxe
              (12 damage)
             ... on level 4 of the Dungeon.
             The game lasted 00:00:57 (2748 turns).

qw the Shooter (Minotaur Hexslinger)                Turns: 2748, Time: 00:00:57

Health: -5/52      AC:  6    Str: 12    XL:     6   Next: 46%
Magic:  6/6        EV: 11    Int: 10    God:
Gold:   154        SH:  0    Dex: 15    Spells: 6/7 levels left

rFire   . . .        Y - +1 sling
rCold   . . .        (no shield)
rNeg    . . .        a - +0 ring mail
rPois   .            (helmet restricted)
rElec   .            (no cloak)
rCorr   .            d - +0 pair of gloves
SInv    .            (no boots)
Will    .....        (no amulet)
Stlth   +            (no ring)
HPRegen 0.28/turn    (no ring)
MPRegen 0.10/turn

%: no passive effects
@: no status effects
A: horns 2, retaliatory headbutt
a: no special abilities


You were on level 4 of the Dungeon.
You visited 1 branch of the dungeon, and saw 4 of its levels.

You collected 154 gold pieces.


Innate Abilities, Weirdness & Mutations

You have a pair of horns on your head.
You reflexively headbutt those who attack you in melee.


   Skills:
 - Level 4.1 Fighting
 + Level 6.4 Ranged Weapons
 - Level 1.7 Armour
 - Level 2.1 Dodging
 - Level 1.0 Spellcasting
 - Level 2.0 Hexes


You had 6 spell levels left.
You knew the following spells:

 Your Spells              Type           Power      Damage    Failure   Level
a - Slow                  Hex            16%        N/A       32%         1

Your spell library contained the following spells:

 Spells                   Type           Power      Damage    Failure   Level
 Inner Flame              Hex/Fire       2%         N/A       83%         3
 Portal Projectile        Hex/Tloc       4%         N/A       83%         3
 Cause Fear               Hex            2%         N/A       97%         4

Inventory:

Hand Weapons
 Y - a +1 sling (weapon)
Armour
 a - a +0 ring mail (worn)
 d - a +0 pair of gloves (worn)
Scrolls
 b - a scroll of fog {unknown}
 c - a scroll of torment {unknown}
Potions
 f - 5 potions of curing
 g - a potion of brilliance {unknown}
 i - a potion of heal wounds {unknown}

Dungeon Overview and Level Annotations

Branches:
Dungeon (4/15)
 Temple: D:4-7

Altars:
Uskayaw


Message History

The wight closely misses you.
You shoot a sling bullet.
The sling bullet barely misses the wight.
The wight barely misses you. You furiously retaliate!
You headbutt the wight.
You destroy the wight!
The wight closely misses you.
Your life force feels restored.
Your Fighting skill increases to level 4!
You shoot a sling bullet.
The sling bullet hits the wight but does no damage.
The wight hits you with a +0 battleaxe! The wight closely misses you.
You furiously retaliate!
You headbutt the wight. You shoot a sling bullet.
The sling bullet closely misses the wight.
The wight hits you with a +0 battleaxe!
You shoot a sling bullet.
The sling bullet barely misses the wight.
The wight hits you with a +0 battleaxe!
You shoot a sling bullet. The sling bullet hits the wight.
The wight is moderately damaged.
The wight closely misses you.
You shoot a sling bullet.
The sling bullet hits the wight but does no damage.
The wight is moderately damaged.
The wight barely misses you.
You shoot a sling bullet. The sling bullet hits the wight.
The wight is heavily damaged.
The wight closely misses you. The wight hits you but does no damage.
You shoot a sling bullet.
The sling bullet closely misses the wight.
The wight completely misses you. You furiously retaliate!
You headbutt the wight. You shoot a sling bullet.
The sling bullet hits the wight.
The wight is almost destroyed.
The wight barely misses you.
You shoot a sling bullet.
The sling bullet hits the wight but does no damage.
The wight is almost destroyed.
The wight hits you with a +0 battleaxe!
You die...

#.# #. #.# #. #.#
.. #.# #. #.# #.
#.#####.# #.
#.......#####
#z############.....
#)@..........'..%..
##############.....
#..... #.....
#..... ######


You could see a wight.

Vanquished Creatures
  A black bear (D:4)
  A wight (D:4)
  2 jellies
  3 hounds
  3 adders
  A worm (D:3)
  4 dart slugs
  2 orcs (D:3)
  5 bats
  4 endoplasms
  8 goblins
  9 hobgoblins
  2 quokkas
  6 ball pythons
  2 frilled lizards
  2 kobolds
  4 rats
59 creatures vanquished.

Notes
Turn   | Place    | Note
-------+----------+-------------------------------------------
     0 | D:1      | qw the Minotaur Hexslinger began the quest for the Orb.
     0 | D:1      | Reached XP level 1. HP: 16/16 MP: 1/1
     0 | D:1      | 0 ||| qw: Version: 0.3-a-52-g30416fa
     0 | D:1      | 0 ||| qw: Game counter: 4795
     0 | D:1      | 0 ||| qw: Melee chars always use a shield: true
     0 | D:1      | 0 ||| qw: God list: Okawaru
     0 | D:1      | 0 ||| qw: Allow faded altars: false
     0 | D:1      | 0 ||| qw: Do Orc after clearing Dungeon:15 true
     0 | D:1      | 0 ||| qw: Do second Lair branch before Depths: true
     0 | D:1      | 0 ||| qw: Lair rune preference: random
     0 | D:1      | 0 ||| qw: Goals: Normal
     0 | D:1      | 0 ||| PLANNING D:1-11
    47 | D:1      | Reached skill level 3 in Ranged Weapons
    47 | D:1      | Reached XP level 2. HP: 9/23 MP: 2/2
   436 | D:1      | 436 ||| UPGRADING to +0 pair of gloves.
   441 | D:1      | 441 ||| READING scroll labelled QOQAXZO QEDDI.
   442 | D:1      | 442 ||| DRINKING 3 metallic emerald potions.
   443 | D:1      | 443 ||| DRINKING 2 white potions.
   444 | D:1      | 444 ||| DROPPING scroll of poison.
   445 | D:1      | 445 ||| DROPPING 2 potions of magic.
   511 | D:2      | Reached XP level 3. HP: 25/29 MP: 3/3
   882 | D:2      | Reached skill level 4 in Ranged Weapons
  1161 | D:2      | 1161 ||| READING scroll labelled NEZOEH KEJU.
  1530 | D:3      | Reached XP level 4. HP: 34/36 MP: 4/4
  1559 | D:3      | Reached skill level 5 in Ranged Weapons
  1631 | D:3      | Found a hide-covered altar of Uskayaw.
  1631 | D:3      | Noticed a +0 hand axe
  1633 | D:3      | Noticed a +0 hand axe
  2074 | D:3      | Reached skill level 3 in Fighting
  2074 | D:3      | Reached XP level 5. HP: 24/45 MP: 5/5
  2251 | D:3      | 2251 ||| UPGRADING to +0 ring mail.
  2261 | D:3      | 2261 ||| DROPPING +0 robe.
  2262 | D:3      | 2262 ||| READING 2 scrolls labelled SIZEMER KUIJA.
  2263 | D:3      | 2263 ||| READING 2 scrolls labelled ERRAYCRE YFYWIGE.
  2264 | D:3      | 2264 ||| READING scroll labelled ZEUDISHUEV.
  2269 | D:3      | 2269 ||| DROPPING scroll of amnesia.
  2270 | D:3      | 2270 ||| DROPPING scroll of immolation.
  2399 | D:4      | Reached skill level 1 in Armour
  2683 | D:4      | Noticed a black bear
  2691 | D:4      | Killed a black bear
  2692 | D:4      | Reached skill level 6 in Ranged Weapons
  2692 | D:4      | Reached XP level 6. HP: 45/51 MP: 6/6
  2742 | D:4      | HP: 5/52 [wight/+0 battleaxe (11)]
  2748 | D:4      | Slain by a wight

Levels and vault maps discovered:
D:1:      dpeg_arrival_orchard, layout_rooms
D:2:      layout_loops_ring
D:3:      minmay_angry_zag, layout_loops_corners, dancing_weapons_uskayaw,
          mrwooster_statue_mirror, kennysheep_generic_room_4
D:4:      minmay_evil_eye, layout_basic, st_stairs_12

Skill      XL: |  1  2  3  4  5  6 |
---------------+-------------------+-----
Ranged Weapons | 3 4 5 6 |  6.4
Fighting       | 2 3 4 |  4.1
Armour         | 1 |  1.7
Dodging        | |  2.1
Spellcasting   | |  1.0
Hexes          | |  2.0

Action                     |  1- 3 |  4- 6 || total
---------------------------+-------+-------++-------
   Fire: Sling             |   109 |   115 ||   224
    Use: Potion            |     2 |       ||     2
         Scroll            |     2 |     3 ||     5
 Armour: Robe              |     5 |     1 ||     6
         Ring mail         |       |    14 ||    14
  Dodge: Dodged            |    34 |    48 ||    82

Table legend:
 A = Non-vault XP
 B = Vault XP
 C = Vault XP percentage of total XP
 D = Non-vault monster count
 E = Vault monster count
 F = Vault count percentage of total count
                 A         B        C        D         E       F
            +---------+---------+-------+---------+---------+-------
      Total |     485 |      60 |  11.0 |      52 |       7 |  11.9
            +---------+---------+-------+---------+---------+-------
        D:1 |      35 |       0 |   0.0 |      21 |       0 |   0.0
        D:2 |      30 |       0 |   0.0 |       8 |       0 |   0.0
        D:3 |     112 |      56 |  33.3 |      12 |       6 |  33.3
        D:4 |     308 |       4 |   1.3 |      11 |       1 |   8.3
            +---------+---------+-------+---------+---------+-------
